 Dungeon Crawl Stone Soup version 0.29-a0-542-g075992c915 (webtiles) character file.

Game seed: 15494541443653088211

5 oldriver the Sneak (level 1, -2/19 HPs)
             Began as a Palentonga Delver on June 5, 2022.
             Slain by an iguana (8 damage)
             ... on level 5 of the Dungeon.
             The game lasted 00:01:38 (526 turns).

oldriver the Sneak (Palentonga Delver)               Turns: 526, Time: 00:01:38

Health: -2/19      AC:  4    Str: 15    XL:     1   Next: 66%
Magic:  1/1        EV:  9    Int: 10    God:
Gold:   10         SH:  0    Dex: 11    Spells: 0/0 levels left

rFire   . . .      SeeInvis +   a - +0 hand axe
rCold   . . .      Faith    .   (no shield)
rNeg    . . .      Spirit   .   b - +0 leather armour
rPois   .          Reflect  .   (no helmet)
rElec   .          Harm     .   (no cloak)
rCorr   .          Rampage  .   (no gloves)
Will    .....                   (no barding)
Stlth   ++........              (no amulet)
HPRegen 0.06/turn               (no ring)
MPRegen 0.07/turn               (no ring)

@: about to teleport
A: large, rugged brown scales 3, see invisible, deformed body, roll 1, armoured
tail
a: Rolling Charge


You were on level 5 of the Dungeon.
You visited 1 branch of the dungeon, and saw 2 of its levels.

You collected 10 gold pieces.

Inventory:

Hand Weapons
 a - a +0 hand axe (weapon)
Missiles
 h - 4 poisoned darts
Armour
 b - a +0 leather armour (worn)
Wands
 g - a wand of digging (3)
Scrolls
 c - a scroll of fog
 i - a scroll of teleportation
Potions
 f - a potion of haste


   Skills:
 + Level 3.2 Fighting
 + Level 2.2 Axes
 - Level 1.5 Dodging
 - Level 3.3 Stealth


You couldn't memorise any spells.
You didn't know any spells.
Your spell library was empty.

Dungeon Overview and Level Annotations

Branches:
Dungeon (6/15)             Temple (0/1) D:6

Altars:

Shops:
D:5 (


Innate Abilities, Weirdness & Mutations

You are completely covered in rugged brown scales. (AC +3, +7% HP)
You have supernaturally acute eyesight. (SInv)
Armour fits poorly on your strangely shaped body.
You can roll at nearby foes to attack.
You have a long armoured tail.


Message History

You kill the ufetubus!
You start resting.
A scorpion is nearby!
A hound comes into view.
You see here a scroll labelled YLOGEL YKOICU.
i - 2 scrolls labelled YLOGEL YKOICU (gained 1)
The hound barks!
Found 13 gold pieces.
Okay, then.
A jelly comes into view.
As you read the scroll of fear, it crumbles to dust.
You assume a fearsome visage.
The jelly looks frightened!
The jelly quivers.
The hound looks frightened!
The jelly falls through a shaft!
The shaft crumbles and collapses.
Found 10 gold pieces.
You now have 10 gold pieces.
Found a pair of boots.
A gnoll sergeant comes into view. It is wielding a +0 trident.
Found a grey potion.
Found a leather armour.
A gnoll comes into view. It is wielding a +0 flail.
You see here a grey potion.
The gnoll sergeant shouts!
The gnoll shouts!
You hear a shout!
A gnoll comes into view. It is wielding a +0 halberd.
The gnoll shouts!
Found a scroll labelled EME XEAN HUOF.
An iguana comes into view.
The iguana hisses angrily.
The iguana attacks as you move away! The iguana bites you!
Ouch! That really hurt!
Found a stone staircase leading down.
As you read the scroll labelled YFFEKKIUQI, it crumbles to dust.
It is a scroll of amnesia.
You feel forgetful for a moment. The iguana closely misses you.
As you read the scroll labelled YLOGEL YKOICU, it crumbles to dust.
You feel strangely unstable.
It was a scroll of teleportation.
The iguana bites you but does no damage.
The iguana attacks as you move away! The iguana bites you!
You die...

....?............[.#.
#.................#. #
##...................
#.##.................#
..........g.#...!...#
#.......g.####.....#
##...#......##.....##
#....#lg...##......#
#.@.....#..##).##
##.....##.# ##..###
.......#.# #.....#
...........###.....
.............##...#.
...........#.......#.
.......#.#.## #.....#>
##....>.###.#.###......
#............


You could see a gnoll sergeant, an iguana and 2 gnolls.

Vanquished Creatures
  An ufetubus (D:5)
1 creature vanquished.

Notes
Turn   | Place    | Note
-------+----------+-------------------------------------------
     0 | D:5      | oldriver the Palentonga Delver began the quest for the Orb.
     0 | D:5      | Reached XP level 1. HP: 19/19 MP: 1/1
     2 | D:5      | Found Pifuodu's Hydra Hut.
     2 | D:5      | Noticed a scorpion
    69 | D:6      | Noticed a black bear
   106 | D:6      | Noticed an orc wizard
   459 | D:5      | Noticed a hound
   475 | D:5      | Noticed a jelly
   495 | D:5      | Noticed a gnoll sergeant
   517 | D:5      | Noticed an iguana
   526 | D:5      | Slain by an iguana

Illustrated notes

Levels and vault maps discovered:
D:5:      layout_cave_pools, doesnt_shop_hydraphobe
D:6:      layout_layer_cave, slow_altar_2, minmay_temple_entry_tees

Action                   || total
-------------------------++-------
Melee: Hand axe          ||     7
  Use: Scroll            ||     4
Armor: Leather armour    ||     6
Dodge: Dodged            ||     9

Table legend: (Time is in decaauts)
 A = Elapsed time spent in this place.
 B = Non-inter-level travel time spent in this place.
 C = Inter-level travel time spent in this place.
 D = Time resting spent in this place.
 E = Time spent auto-exploring this place.
 F = Levels seen in this place.
 G = Mean time per level.
                   A        B        C        D        E       F      G
               +--------+--------+--------+--------+--------+-----+--------+
         Total |    526 |    526 |      0 |    295 |      0 |   2 |  263.0 |
       Dungeon |    526 |    526 |      0 |    295 |      0 |   2 |  263.0 |
               +--------+--------+--------+--------+--------+-----+--------+

Top non-repeatable levels by time:
     D:5: 360 daAuts
     D:6: 166 daAuts
